 Dungeon Crawl Stone Soup version 0.31.0-9-g3a7656b989 (webtiles) character file.

Game seed: 2515718408139549564

101 qw the Shooter (level 4, 0/22 HPs)
             Began as a Spriggan Hunter on Feb 2, 2024.
             Slain by Grinder (3 damage)
             ... on level 3 of the Dungeon.
             The game lasted 00:00:07 (1826 turns).

qw the Shooter (Spriggan Hunter)                    Turns: 1826, Time: 00:00:08

Health: 0/22       AC:  2    Str:  7    XL:     4   Next: 48%
Magic:  5/5        EV: 20    Int: 10    God:
Gold:   87         SH:  0    Dex: 20    Spells: 3/3 levels left

rFire   . . .        a - +0 shortbow
rCold   + . .        (shield currently unavailable)
rNeg    . . .        c - +0 robe
rPois   .            (helmet restricted)
rElec   .            (no cloak)
rCorr   .            (gloves unavailable)
SInv    +            (boots unavailable)
Will    .....        (no amulet)
Stlth   ++           j - ring of protection from cold
HPRegen 0.23/turn    (no ring)
MPRegen 0.09/turn

%: no passive effects
@: very quick
A: very small, no large weapons, unfitting armour, see invisible, speed 3
a: no special abilities


You were on level 3 of the Dungeon.
You visited 1 branch of the dungeon, and saw 3 of its levels.

You collected 87 gold pieces.


Innate Abilities, Weirdness & Mutations

You are very small and have problems with some larger weapons.
You are too small for most types of armour.
You have supernaturally acute eyesight. (SInv)
You cover ground extremely quickly. (Speed+++)


   Skills:
 - Level 1.5 Fighting
 - Level 5.0 Ranged Weapons
 + Level 4.9 Dodging
 - Level 1.5 Stealth


You had 3 spell levels left.
You didn't know any spells.
Your spell library was empty.

Inventory:

Hand Weapons
 a - a +0 shortbow (weapon)
Armour
 c - a +0 robe (worn)
Jewellery
 j - a ring of protection from cold (left hand)
Potions
 g - a potion of resistance {unknown}
 h - a potion of heal wounds {unknown}

Dungeon Overview and Level Annotations

Branches:
Dungeon (3/15)

Altars:
Dithmenos

Annotations:
D:3 Grinder


Message History

You start resting.
HP restored.
You climb downwards.
You hear the sound of rushing water.
There is an entrance to a sewer on this level.
Hurry and find it before the portal rusts away!
Level annotation: Grinder You hear the slow rusting of a very distant drain.
Grinder says, "Don't move a muscle."
There is a stone staircase leading up, spattered with blood here.
You shoot an arrow. The arrow closely misses Grinder.
Grinder says, "Wait up."
Grinder barely misses you.
You shoot an arrow.
The arrow hits Grinder but does no damage.
Grinder is severely wounded.
Grinder completely misses you.
You shoot an arrow. The arrow hits Grinder.
Grinder is severely wounded.
Grinder gestures at you. You resist with some effort. Grinder hits you.
You shoot an arrow. The arrow barely misses Grinder.
Grinder gestures at you.
You suddenly lose the ability to move!
Grinder hits you!
You writhe in agony.
You can move again.
You shoot an arrow. The arrow hits Grinder.
Grinder is almost dead.
Grinder misses you.
You shoot an arrow. The arrow closely misses Grinder.
Grinder closely misses you.
You shoot an arrow.
The arrow hits Grinder but does no damage.
Grinder is almost dead.
Grinder completely misses you.
You shoot an arrow. The arrow closely misses Grinder.
Grinder hits you.
You writhe in agony.
You shoot an arrow. The arrow closely misses Grinder.
Grinder hits you.
You writhe in agony.
You die...
Grinder says, "Hey, I wasn't done torturing you yet!"

..# ..#
... #.#
##.##
...
#.###
#@5.#
#..#..#
####
..# .#
#


You could see Grinder.

Vanquished Creatures
  Terence (D:2)
  3 adders
  A ribbon worm (D:2)
  5 ball pythons
  6 bats
  3 endoplasms
  2 giant cockroaches (D:1)
  A goblin (D:2)
  5 hobgoblins
  4 jackals (D:1)
  2 quokkas
  5 frilled lizards
  6 kobolds
  3 rats (D:1)
47 creatures vanquished.

Notes
Turn   | Place    | Note
-------+----------+-------------------------------------------
     0 | D:1      | qw the Spriggan Hunter began the quest for the Orb.
     0 | D:1      | Reached XP level 1. HP: 10/10 MP: 2/2
     0 | D:1      | 0 ||| qw: Version: 0.3-a-155-g5e7d8dd
     0 | D:1      | 0 ||| qw: Game counter: 1722
     0 | D:1      | 0 ||| qw: Melee chars always use a shield: true
     0 | D:1      | 0 ||| qw: God list: Okawaru
     0 | D:1      | 0 ||| qw: Allow faded altars: false
     0 | D:1      | 0 ||| qw: Do Orc after clearing Dungeon:15 true
     0 | D:1      | 0 ||| qw: Do second Lair branch before Depths: true
     0 | D:1      | 0 ||| qw: Lair rune preference: random
     0 | D:1      | 0 ||| qw: Goals: Normal
     0 | D:1      | 0 ||| PLANNING D:1-11
     2 | D:1      | Noticed a minotaur
     2 | D:1      | Noticed a gargoyle
     4 | D:1      | Noticed a troll
     6 | D:1      | Noticed an oni
     6 | D:1      | Noticed a human
     8 | D:1      | Noticed an elf
    10 | D:1      | Noticed a demigod
    10 | D:1      | Noticed a spriggan
    12 | D:1      | Noticed a tengu
    12 | D:1      | Noticed an octopode
    15 | D:1      | Noticed a ghoul
    15 | D:1      | Noticed a barachi
    17 | D:1      | Noticed a felid
    19 | D:1      | Noticed a naga
    21 | D:1      | Noticed a vampire
    21 | D:1      | Noticed a demonspawn
    23 | D:1      | Noticed a vine stalker
    23 | D:1      | Noticed a djinni
    25 | D:1      | Noticed a draconian
    25 | D:1      | Noticed an armataur
    27 | D:1      | Noticed a merfolk
    27 | D:1      | Noticed a formicid
    34 | D:1      | Reached skill level 3 in Dodging
    64 | D:1      | Reached XP level 2. HP: 5/14 MP: 3/3
   786 | D:1      | Reached XP level 3. HP: 18/18 MP: 4/4
   923 | D:1      | 923 ||| READING scroll labelled ECIL DEASU.
   924 | D:1      | 924 ||| READING scroll labelled HYTIEC ATYECVU.
   924 | D:1      | 924 ||| ENCHANTING +0 shortbow.
   925 | D:1      | 925 ||| DROPPING scroll of butterflies.
   945 | D:2      | 945 ||| STAIRDANCE
   949 | D:2      | 949 ||| STAIRDANCE
  1020 | D:2      | Reached skill level 5 in Ranged Weapons
  1225 | D:2      | Reached XP level 4. HP: 22/22 MP: 5/5
  1378 | D:2      | Found a shadowy altar of Dithmenos.
  1490 | D:2      | Found a faded altar of an unknown god.
  1545 | D:2      | 1545 ||| UPGRADING to ring of protection from cold.
  1546 | D:2      | 1546 ||| READING scroll labelled LAPHAS IMISMO.
  1549 | D:2      | 1549 ||| READING scroll labelled ROOM YKHIALE.
  1550 | D:2      | 1550 ||| READING scroll labelled MUUTWOOBBE.
  1550 | D:2      | 1550 ||| IDENTIFYING metallic red potion
  1551 | D:2      | 1551 ||| READING scroll labelled NEIRHI YSKYIMI.
  1552 | D:2      | 1552 ||| DROPPING potion of berserk rage.
  1554 | D:2      | 1554 ||| Stepping ~*~*~tactically~*~*~ (cloud).
  1561 | D:2      | HP: 5/22 [poisoned by you (poison gas)]
  1681 | D:3      | 1681 ||| PLANNING SEWER
  1681 | D:3      | 1681 ||| STAIRDANCE
  1686 | D:3      | Noticed Grinder
  1686 | D:3      | Noticed Terence
  1687 | D:3      | 1687 ||| STAIRDANCE
  1692 | D:3      | 1692 ||| STAIRDANCE
  1706 | D:2      | Killed Terence
  1751 | D:3      | Paralysed by Grinder for 4 turns
  1762 | D:3      | 1762 ||| STAIRDANCE
  1820 | D:3      | Paralysed by Grinder for 2 turns
  1825 | D:3      | HP: 4/22 [Grinder (5)]
  1826 | D:3      | Slain by Grinder

Levels and vault maps discovered:
D:1:      kb_arrival_jail, layout_basic
D:2:      layout_loops_ring, dilly_ecumenical_altar_fadedgnrine, basic_altar
D:3:      minmay_evil_eye, layout_loops_ring,
          mainiacjoe_overflow_six_doors_small, serial_aquarium,
          aquarium_bridge_long_separate [aquarium_subvault_bridge,
          aquarium_subvault_balcony, aquarium_subvault_window,
          aquarium_subvault_wall, aquarium_subvault_wall,
          aquarium_subvault_bridge], aquarium_bridge_square
          [aquarium_subvault_bridge, aquarium_subvault_balcony,
          aquarium_subvault_wall, aquarium_subvault_balcony],
          aquarium_window_corridor_2, aquarium_window_1, aquarium_window_1,
          aquarium_view_2a, aquarium_view_2f, aquarium_balcony_1b,
          aquarium_pool_corner, lightli_sewer_entry_pipes, uniq_terence,
          uniq_grinder, uniq_natasha

Skill      XL: |  1  2  3 |
---------------+----------+-----
Dodging        | 3 4 |  4.9
Ranged Weapons | 5 |  5.0
Fighting       | |  1.5
Stealth        | |  1.5

Action                     |  1- 3 |  4- 6 || total
---------------------------+-------+-------++-------
   Fire: Shortbow          |   109 |    53 ||   162
    Use: Scroll            |     2 |     4 ||     6
 Armour: Robe              |    18 |    12 ||    30
  Dodge: Dodged            |    86 |    29 ||   115

Table legend:
 A = Non-vault XP
 B = Vault XP
 C = Vault XP percentage of total XP
 D = Non-vault monster count
 E = Vault monster count
 F = Vault count percentage of total count
                 A         B        C        D         E       F
            +---------+---------+-------+---------+---------+-------
      Total |     109 |      36 |  24.8 |      46 |       1 |   2.1
            +---------+---------+-------+---------+---------+-------
        D:1 |      56 |       0 |   0.0 |      26 |       0 |   0.0
        D:2 |      53 |      36 |  40.4 |      20 |       1 |   4.8
            +---------+---------+-------+---------+---------+-------
